 Dungeon Crawl Stone Soup version 0.29-a0-821-g6639535 (webtiles) character file.

Game seed: 15988706728093520631

59 Illumine the Trooper (level 3, 0/33 HPs)
             Began as a Minotaur Fighter on July 7, 2022.
             Killed by divine providence
             ... invoked by an orc priest
              (10 damage)
             ... on level 4 of the Dungeon.
             The game lasted 00:01:08 (2191 turns).

Illumine the Trooper (Minotaur Fighter)             Turns: 2191, Time: 00:01:08

Health: 0/33       AC: 11    Str: 22    XL:     3   Next: 78%
Magic:  2/2        EV:  6    Int:  5    God:
Gold:   159        SH:  4    Dex:  9    Spells: 2/2 levels left

rFire   . . .      SeeInvis +   a - +0 war axe
rCold   . . .      Faith    .   c - +0 buckler
rNeg    . . .      Spirit   .   i - +0 plate armour
rPois   .          Reflect  .   (helmet restricted)
rElec   .          Harm     .   (no cloak)
rCorr   +          Rampage  .   (no gloves)
Will    .....                   (no boots)
Stlth   ..........              (no amulet)
HPRegen 0.11/turn               q - ring of resist corrosion
MPRegen 0.08/turn               l - ring of see invisible

@: no status effects
A: horns 2, retaliatory headbutt
a: no special abilities


You were on level 4 of the Dungeon.
You visited 1 branch of the dungeon, and saw 4 of its levels.

You collected 159 gold pieces.

Inventory:

Hand Weapons
 a - a +0 war axe (weapon)
Missiles
 h - a throwing net (quivered)
Armour
 b - a +0 scale mail
 c - a +0 buckler (worn)
 i - a +0 plate armour (worn)
Jewellery
 l - a ring of see invisible (right hand)
 q - a ring of resist corrosion (left hand)
Scrolls
 f - a scroll of teleportation {unknown}
 j - 4 scrolls of identify {unknown}
 m - a scroll of fog {unknown}
 n - a scroll of silence {unknown}
 p - a scroll of vulnerability {unknown}
Potions
 d - 3 potions of might
 e - 2 potions of berserk rage {unknown}
 g - a potion of brilliance {unknown}
 k - 3 potions of lignification {unknown}
 o - a potion of attraction {unknown}


   Skills:
 + Level 4.1 Fighting
 * Level 3.8 Axes
 + Level 4.1 Armour
 - Level 4.0 Shields


You had 2 spell levels left.
You didn't know any spells.
Your spell library was empty.

Dungeon Overview and Level Annotations

Branches:
Dungeon (4/15)
 Temple: D:4-7

Altars:
Okawaru


Innate Abilities, Weirdness & Mutations

You have a pair of horns on your head.
You reflexively headbutt those who attack you in melee.


Message History

An orc comes into view. It is wielding a +0 club.
The dart slug launches a dart at you.
The slug dart hits you but does no damage.
An endoplasm and an orc priest come into view.
Found a plate armour.
The endoplasm quivers.
The ball python bites you but does no damage.
The ball python closely misses you. The dart slug launches a dart at you.
The slug dart hits you but does no damage.
A quokka comes into view.
You completely miss the ball python. You hit the dart slug but do no damage.
The ball python bites you but does no damage.
You block the ball python's attack. The dart slug bites you.
The ball python bites you but does no damage.
The ball python grabs you. The ball python constricts you.
You closely miss the ball python. You slash the dart slug!
The ball python bites you but does no damage.
The ball python constricts you.
The orc priest invokes the aid of Beogh against you.
Beogh smites you!
The dart slug bites you but does no damage.
Unknown command.
You are too injured to fight recklessly!
You slash the dart slug!
You kill the dart slug!
You hit the ball python.
You kill the ball python!
The orc priest looks satisfied for a moment.
The phantom hits you but does no damage.
Unknown command.
You slash the orc!
You kill the orc!
You slash the phantom! The phantom hits you.
The phantom blinks!
You blink.
Unknown command.
The phantom barely misses you. You furiously retaliate!
You headbutt the phantom!
The orc priest invokes the aid of Beogh against you.
Beogh smites you!
You die...

#.# #<# #.#######
########.......####
.........#####....## ##
########...#.......#...
#.#...#...#...#
#..###.....# # #...#
#@#.#.#$# #...#
+W....J#
#..#...#####or.#
#....#. .#...# #....#.
o. ...# ##. #. ... ..#
.. ...# .# #+ '##. # #[
.#


You could see a phantom, an orc priest, an endoplasm and a quokka.

Vanquished Creatures
  2 worms (D:2)
  A dart slug (D:4)
  3 orcs
  5 bats
  4 endoplasms
  4 giant cockroaches
  5 goblins
  4 hobgoblins
  3 quokkas
  6 ball pythons
  A frilled lizard (D:3)
  A kobold (D:3)
  5 rats
44 creatures vanquished.

Notes
Turn   | Place    | Note
-------+----------+-------------------------------------------
     0 | D:1      | Illumine the Minotaur Fighter began the quest for the Orb.
     0 | D:1      | Reached XP level 1. HP: 19/19 MP: 0/0
   552 | D:1      | Reached XP level 2. HP: 27/27 MP: 1/1
  1216 | D:2      | Found a faded altar of an unknown god.
  1261 | D:2      | Reached XP level 3. HP: 32/33 MP: 2/2
  2071 | D:3      | Found an iron altar of Okawaru.
  2181 | D:4      | Noticed a phantom
  2191 | D:4      | Killed from afar by an orc priest

Illustrated notes

Levels and vault maps discovered:
D:1:      amcnicky_arrival_choice, layout_loops_corners
D:2:      layout_rooms, serial_corexii_hall, corexii_hall_statues_s,
          corexii_hall_statues_t, hellmonk_ecumenical_altar_defaced_shrine
D:3:      layout_basic, general_overflow_altar
D:4:      kennysheep_kobold_camp, layout_basic, minmay_temple_entry_wispy,
          serial_corexii_hall, corexii_hall_statues_i, corexii_hall_statues_i,
          minmay_fractal_squares_diagonal_5, uniq_pikel

Skill      XL: |  1  2  3 |
---------------+----------+-----
Axes           | 3 |  3.8
Fighting       | 4 |  4.1
Armour         | 4 |  4.1
Shields        | 4 |  4.0

Action                   || total
-------------------------++-------
Melee: War axe           ||    83
       Headbutt          ||    12
Armor: Scale mail        ||     8
       Plate armour      ||    38
Dodge: Dodged            ||    24
Block: Buckler           ||    21

Table legend: (Time is in decaauts)
 A = Elapsed time spent in this place.
 B = Non-inter-level travel time spent in this place.
 C = Inter-level travel time spent in this place.
 D = Time resting spent in this place.
 E = Time spent auto-exploring this place.
 F = Levels seen in this place.
 G = Mean time per level.
                   A        B        C        D        E       F      G
               +--------+--------+--------+--------+--------+-----+--------+
         Total |   2221 |   2154 |     67 |      0 |   1848 |   4 |  555.2 |
       Dungeon |   2221 |   2154 |     67 |      0 |   1848 |   4 |  555.2 |
               +--------+--------+--------+--------+--------+-----+--------+

Top non-repeatable levels by time:
     D:1: 1111 daAuts
     D:2: 565 daAuts
     D:3: 520 daAuts
     D:4: 24 daAuts
